 Dungeon Crawl Stone Soup version 0.24.0-125-gc4c63601f3 (webtiles) character file.

Game seed: 7826340114615408940, levelgen mode: deterministic

620 RasselK the Shield-Bearer (level 7, -3/61 HPs)
             Began as a Minotaur Fighter on Mar 17, 2020.
             Was a Plaything of Xom.
             Killed from afar by a dart slug (6 damage)
             ... with a slug dart
             ... on level 4 of the Dungeon.
             The game lasted 00:27:18 (3402 turns).

RasselK the Shield-Bearer (Minotaur Fighter)        Turns: 3402, Time: 00:27:18

Health: -3/61      AC:  7    Str: 23    XL:     7   Next: 22%
Magic:  6/6        EV:  9    Int:  5    God:    Xom [.*....]
Gold:   193        SH: 10    Dex:  9    Spells: 6/6 levels left

rFire    . . .     SeeInvis .   a - +0 war axe
rCold    . . .     Gourm    .   c - +0 shield
rNeg     . . .     Faith    .   b - +0 scale mail
rPois    .         Spirit   .   (helmet restricted)
rElec    .         Reflect  .   (no cloak)
rCorr    .         Harm     .   (no gloves)
MR       .....                  (no boots)
Stlth    ..........             (no amulet)
HPRegen  0.20/turn              (no ring)
MPRegen  0.10/turn              (no ring)

@: lethally poisoned (-3 -> -5)
A: retaliatory headbutt, horns 2
a: Renounce Religion


You were on level 4 of the Dungeon.
You worshipped Xom.
You were a plaything of Xom.
You were not hungry.

You visited 1 branch of the dungeon, and saw 5 of its levels.

You collected 193 gold pieces.

Inventory:

Hand Weapons
 a - a +0 war axe (weapon)
 g - a +0 club
 k - a +0 short sword of venom
Missiles
 j - 95 stones (quivered)
Armour
 b - a +0 scale mail (worn)
 c - a +0 shield (worn)
Jewellery
 i - a cursed amulet of inaccuracy
Wands
 r - a wand of random effects (13)
Scrolls
 m - 3 scrolls of teleportation
 n - a scroll of immolation
 o - 2 scrolls of remove curse
 s - a scroll of enchant weapon {unknown}
 u - a scroll of fog
Potions
 d - 2 potions of might
 h - a potion of magic {unknown}
 l - 2 potions of mutation {unknown}
 p - a potion of berserk rage {unknown}
 q - a potion of haste {unknown}
 t - 2 potions of lignification {unknown}
 v - a potion of curing {unknown}
Comestibles
 f - 5 rations


   Skills:
 * Level 5.2 Fighting
 + Level 5.4(5.8) Axes
 * Level 2.9(4.6) Maces & Flails
 + Level 0.2 Throwing
 + Level 4.3 Armour
 * Level 2.9 Dodging
 - Level 0.4 Stealth
 * Level 5.5 Shields


You had 6 spell levels left.
You didn't know any spells.
Your spell library was empty.

Dungeon Overview and Level Annotations

Branches:
Dungeon (5/15)
 Temple: D:4-7

Altars:
Ashenzari
Hepliaklqana
Okawaru
Xom

Annotations:
D:4 Dowan, Duvessa


Innate Abilities, Weirdness & Mutations

You reflexively headbutt those who attack you in melee.
You have a pair of horns on your head.


Message History

You headbutt the worker ant.
You kill the worker ant!
* * * LOW HITPOINT WARNING * * *
You feel sick.
* * * LOW HITPOINT WARNING * * *
You feel sick.
* * * LOW HITPOINT WARNING * * *
You feel sick.
* * * LOW HITPOINT WARNING * * *
You feel sick.
A dart slug comes into view.
* * * LOW HITPOINT WARNING * * *
You feel sick.
* * * LOW HITPOINT WARNING * * *
You feel sick.
* * * LOW HITPOINT WARNING * * *
You feel sick. The dart slug launches a dart at you. The slug dart hits you.
You die...

.# #######....##### .#
.# ## #....# .# .##....
#....# .#
......#.##.#..# .#
###.# #.......#######.#
......#..#.#...†......#
#.....#..#.#########..#
##..#.#. # #########..#
# ..# #....@.....# # .#
#w#######.## # # ....
#.# . #.#..# #.# #.#.##
#.# . #.. #.# ## ###
#.# ...


You could see a dart slug.

Vanquished Creatures
  Eustachio (D:4)
  A phantom (D:4)
  Blork the orc (D:4)
  A crimson imp (D:4)
  An orc priest (D:4)
  A hound (D:4)
  Ijyb (D:3)
  4 worker ants (D:4)
  An adder (D:2)
  2 oozes (D:1)
  3 worms
  A dart slug (D:2)
  5 leopard geckos
  6 orcs
  3 giant cockroaches
  13 hobgoblins
  9 kobolds
  A quokka (D:2)
  9 bats
  3 frilled lizards
  7 goblins
  5 rats
79 creatures vanquished.

Notes
Turn   | Place    | Note
-------+----------+-------------------------------------------
     0 | D:1      | RasselK the Minotaur Fighter began the quest for the Orb.
     0 | D:1      | Reached XP level 1. HP: 19/19 MP: 0/0
    70 | D:1      | Found a shattered altar of Ashenzari.
    77 | D:1      | Reached XP level 2. HP: 24/27 MP: 1/1
   358 | D:1      | Reached XP level 3. HP: 29/33 MP: 2/2
  1013 | D:2      | Found an iron altar of Okawaru.
  1112 | D:2      | Reached skill level 1 in Dodging
  1397 | D:2      | Found a hazy altar of Hepliaklqana.
  1398 | D:2      | Found a shimmering altar of Xom.
  1398 | D:2      | Noticed a yak
  1399 | D:2      | Noticed a yak
  1399 | D:2      | Noticed a spectral ugly thing
  1406 | D:2      | Became a worshipper of Xom of Chaos
  1557 | D:2      | Reached XP level 4. HP: 39/40 MP: 3/3
  1595 | D:2      | XOM: harmless Hex miscast
  1878 | D:2      | XOM: harmless Conj miscast
  2063 | D:3      | Noticed Ijyb
  2071 | D:3      | Killed Ijyb
  2114 | D:3      | XOM: harmless Ice miscast
  2127 | D:3      | XOM: harmless Necr miscast
  2469 | D:3      | XOM: harmless Erth miscast
  2783 | D:3      | XOM: medium Chrm miscast
  2806 | D:4      | XOM: noise
  2831 | D:5      | Entered Level 5 of the Dungeon
  2927 | D:4      | XOM is BORED!
  2927 | D:4      | XOM: 4-stop teleportation journey
  2928 | D:4      | XOM: polymorph howler monkey -> worm
  2980 | D:4      | Noticed Eustachio
  2991 | D:4      | Killed Eustachio
  2991 | D:4      | Reached XP level 5. HP: 33/47 MP: 4/4
  3006 | D:4      | Reached skill level 5 in Shields
  3006 | D:4      | Reached XP level 6. HP: 42/55 MP: 5/5
  3027 | D:4      | Noticed Blork the orc
  3037 | D:4      | Killed Blork the orc
  3037 | D:4      | Reached skill level 5 in Fighting
  3037 | D:4      | Reached skill level 5 in Axes
  3208 | D:4      | Reached skill level 1 in Maces & Flails
  3242 | D:4      | Reached XP level 7. HP: 27/61 MP: 6/6
  3263 | D:4      | Noticed Duvessa
  3265 | D:4      | Noticed Dowan
  3323 | D:4      | XOM: mild Pois miscast
  3399 | D:4      | HP: 3/61 [poisoned by a worker ant]
  3402 | D:4      | Killed from afar by a dart slug

Levels and vault maps discovered:
D:1:      minmay_arrival_jagged, layout_basic, nicolae_ashenzari_panopticon
D:2:      layout_basic, regret_index_temple_of_mockery, lemuel_doored_altar
D:3:      layout_loops_ring, first_ration, corexii_corridor_pit, corexii_shack,
          uniq_ijyb
D:4:      layout_basic, zin_scriptorium, nicolae_overflow_hidden_temple,
          minmay_temple_entry_offerings, uniq_eustachio, uniq_duvessa,
          uniq_blork_the_orc
D:5:      layout_basic, kennysheep_mini_moat

Skill      XL: |  1  2  3  4  5  6 |
---------------+-------------------+-----
Shields        | 4 5 |  5.5
Fighting       | 4 5 |  5.2
Axes           | 3 4 5 |  5.4
Dodging        | 1 2 |  2.9
Armour         | 4 |  4.3
Maces & Flails | 2 |  2.9
Throwing       | |  0.2
Stealth        | |  0.4

Action                   |  1- 3 |  4- 6 |  7- 9 || total
-------------------------+-------+-------+-------++-------
Melee: War axe           |    97 |    84 |    29 ||   210
       Headbutt          |    16 |    14 |     5 ||    35
Throw: Stone             |     8 |    14 |     4 ||    26
  Use: Scroll            |       |     2 |     5 ||     7
  Eat: Ration            |     1 |     1 |       ||     2
       Chunk             |       |     1 |       ||     1
Armor: Scale mail        |    38 |    17 |     6 ||    61
Dodge: Dodged            |    22 |    38 |     5 ||    65
Block: Shield            |    48 |    50 |    17 ||   115
